 Dungeon Sprint DCSS version 0.30.1-4-g462c640d31 (webtiles) character file.

Game seed: 8743380103992038873

4981 Heoruswealwe the Executioner (level 10, -3/105 HPs)
             Began as a Hill Orc Fighter on Aug 22, 2023.
             Was the Champion of the Shining One.
             Constricted to death by Sonja (5 damage)
             ... in the Dungeon (Sprint I: "Red Sonja").
             The game lasted 00:22:14 (1329 turns).

Heoruswealwe the Executioner (Hill Orc Fighter)     Turns: 1329, Time: 00:22:17

Health: -3/105     AC: 22    Str: 24    XL:     10   Next: 53%
Magic:  10/10      EV:  9    Int:  8    God:    the Shining One [******]
Gold:   6          SH:  0    Dex: 10    Spells: 9/9 levels left

rFire   + + .        a - +1 battleaxe (elec)
rCold   . . .        (shield currently unavailable)
rNeg    + + +        c - +1 plate armour {rF+}
rPois   .            g - +0 helmet
rElec   .            h - +0 cloak
rCorr   .            f - +0 pair of gloves
SInv    .            (no boots)
Will    .....        (no amulet) Stlth
                     k - +5 ring of evasion
HPRegen 0.37/turn    j - ring "Nenaxzem" {Fly rF+}
MPRegen 0.12/turn

%: no teleportation
@: mighty, lethally poisoned (-3 -> -28), grasped by roots, flying, slowed,
glowing, constricted, very slow
A: no striking features
a: Renounce Religion, Divine Shield, Cleansing Flame, Summon Divine Warrior,
Brand Weapon With Holy Wrath


You were in the Dungeon.
You worshipped the Shining One.
The Shining One was exalted by your worship.
You visited 1 branch You collected 1260 gold pieces.
You spent 1254 gold pieces at shops.

Inventory:

Hand Weapons
 a - a +1 battleaxe of electrocution (weapon)
Armour
 c - a +1 plate armour of fire resistance (worn)
 d - a +0 buckler
 f - a +0 pair of gloves (worn)
 g - a +0 helmet (worn)
 h - a +0 cloak (worn)
Jewellery
 j - the ring "Nenaxzem" (right hand) {Fly rF+}
   (You bought it in a shop in the Dungeon)

   [ring of flight]

   rF:        It protects you from fire.
   Fly:       It grants you flight.
 k - a +5 ring of evasion (left hand)
Wands
 b - a wand of digging (3)
Scrolls
 l - 2 scrolls of blinking
Potions
 e - a potion of might
 i - a potion of flight {unknown}


   Skills:
 + Level 15.0 Fighting
 * Level 21.8 Axes
 + Level 13.9 Armour
 - Level 3.2 Shields


You had 9 spell levels left.
You didn't know any spells.
Your spell library contained the following spells:

 Spells                   Type           Power      Damage    Failure   Level
 Freeze                   Ice            0%         1d3       98%         1
 Frozen Ramparts          Ice            0%         1d1       100%        3
 Hailstorm                Conj/Ice       0%         3d3       100%        3


Dungeon Overview and Level Annotations

Branches:
Dungeon (1/1)

Altars:
Cheibriados
Dithmenos
Elyvilon
Fedhas
Gozag
Hepliaklqana
Kikubaaqudgha
Makhleb
Nemelex Xobeh
Okawaru
Qazlal
Ru
Sif Muna
Trog
Uskayaw
Vehumet
Wu Jian
Xom
Yredelemnul
Zin
The Shining One
Jiyva
Lugonu

Shops:
D ?([=[![!!?(((:[?

Annotations:
D Sonja


Message History

Sonja closely misses you. Sonja hits you but does no damage. x2
You are more poisoned.
Sonja barely misses you.
You feel very mighty all of a sudden.
You feel extremely sick.
Sonja zaps a wand.
The roots erupt in riotous growth!
The grasping roots grab you!
Sonja is unaffected.
The grasping roots constrict you. Sonja closely misses you.
Sonja hits you but does no damage.
You are lethally poisoned!
Sonja hits you but does no damage. The grasping roots constrict you.
You slash Sonja!
Sonja is heavily wounded.
* * * LOW HITPOINT WARNING * * *
You feel extremely sick.
Sonja mumbles some strange words.
Sonja blinks!
The grasping roots constrict you.
* * * LOW HITPOINT WARNING * * *
Okay, then.
The roots grasp on you weakens, but your attempt to escape fails.
* * * LOW HITPOINT WARNING * * *
You feel extremely sick. The grasping roots constrict you.
* * * LOW HITPOINT WARNING * * *
Sonja throws a curare-tipped dart.
The curare-tipped dart hits you.
You are more poisoned.
You have difficulty breathing.
* * * LOW HITPOINT WARNING * * *
You feel as though you will be slow longer.
The grasping roots constrict you.
* * * LOW HITPOINT WARNING * * *
Unknown command.
You escape the roots grasp.
The Shining One protects you from harm!
Sonja zaps a wand.
The roots erupt in riotous growth!
The grasping roots grab you! The grasping roots constrict you.
* * * LOW HITPOINT WARNING * * *
The grasping roots constrict you.
You die...

#..#####'#####'#__####...+,,*,*,*
#..####..#...#(####..#####,,+,*+*
#..#__####..##.#~§§§§#..#*+****,,
#..#_____##'#_.+~§§§§+†.#,,,,,*,,
#⌠⌠#_.∩...÷..._#~§~.§#..#,,,,,+,,
##!#_..__##_.#'##+#####'###,,,*,,
#..#_____###+#.#[.).###.+.#,,,***
############.####'###.###.#,,***,
*∩,,,,,,,,+$.$'.@.K['.∩##†#,,****
***++++***#$.$###.#######.#*+*,,*
*,,,,,,,**##.**#.......##.#*,*,,,
*,,,,,,,,*,#+*,#........+.#***,,,
*,,*,,,,,*,,,,,#'..######§#,,+,,,
*,,,,,,,,*,,,,,#..†.....#§#****,,
*,,,,,*,,*######...†...#+§#,,,***
*,,,,,,,,*#"))?.......~####,,,,,,
*,,*,,,,,*#()(..†....~~#*,,,,,,,*


You could see Sonja.

Vanquished Creatures
  2 centaur warriors (D)
  A deep troll (D)
  An oklob plant (D)
  2 unseen horrors (D)
  2 kobold demonologists (D)
  A hornet (D)
  A slime creature (D)
  Sigmund (D)
  A yak (D)
  2 redbacks (D)
  2 floating eyes (D)
  An ogre (D)
  7 necrophages (D)
  8 jellies (D)
  Ijyb (D)
33 creatures vanquished.

Notes
Turn   | Place    | Note
-------+----------+-------------------------------------------
     0 | D        | Heoruswealwe the Hill Orc Fighter began the quest for the
                  | Orb.
     0 | D        | Reached XP level 1. HP: 19/19 MP: 1/1
     1 | D        | Noticed Ijyb
    19 | D        | Killed Ijyb
    20 | D        | Reached skill level 5 in Fighting
    20 | D        | Reached skill level 5 in Axes
    20 | D        | Reached XP level 2. HP: 10/29 MP: 2/2
    20 | D        | Reached XP level 3. HP: 13/36 MP: 3/3
   113 | D        | Noticed an ogre
   117 | D        | Killed an ogre
   118 | D        | Reached skill level 8 in Axes
   118 | D        | Reached XP level 4. HP: 45/45 MP: 4/4
   148 | D        | Noticed Sigmund
   158 | D        | Killed Sigmund
   159 | D        | Reached skill level 11 in Axes
   159 | D        | Reached XP level 5. HP: 45/53 MP: 5/5
   159 | D        | Reached XP level 6. HP: 52/61 MP: 6/6
   172 | D        | Found an ornate altar of the Wu Jian Council.
   172 | D        | Found a shimmering blue altar of Sif Muna.
   174 | D        | Found a radiant altar of Vehumet.
   274 | D        | Found Immaucez's Magic Scroll Emporium.
   274 | D        | Found an ancient bone altar of Kikubaaqudgha.
   274 | D        | Found a hazy altar of Hepliaklqana.
   274 | D        | Found a stormy altar of Qazlal.
   274 | D        | Found a hide-covered altar of Uskayaw.
   274 | D        | Found a blossoming altar of Fedhas.
   274 | D        | Found a bloodstained altar of Trog.
   274 | D        | Found an iron altar of Okawaru.
   274 | D        | Found a basalt altar of Yredelemnul.
   274 | D        | Found a glowing golden altar of the Shining One.
   274 | D        | Found a snail-covered altar of Cheibriados.
   274 | D        | Found a sacrificial altar of Ru.
   274 | D        | Found a glowing silver altar of Zin.
   274 | D        | Found a shadowy altar of Dithmenos.
   274 | D        | Found a white marble altar of Elyvilon.
   274 | D        | Noticed a yak
   281 | D        | Killed a yak
   282 | D        | Reached skill level 13 in Axes
   282 | D        | Found an opulent altar of Gozag.
   283 | D        | Found a sparkling altar of Nemelex Xobeh.
   289 | D        | Became a worshipper of the Shining One
   292 | D        | Bought a scroll of magic mapping for 82 gold pieces
   353 | D        | Found a burning altar of Makhleb.
   353 | D        | Found a viscous altar of Jiyva.
   353 | D        | Found a shimmering altar of Xom.
   353 | D        | Found a corrupted altar of Lugonu.
   353 | D        | Noticed a slime creature
   366 | D        | Killed a slime creature
   367 | D        | Reached skill level 10 in Fighting
   367 | D        | Reached skill level 14 in Axes
   367 | D        | Reached XP level 7. HP: 23/72 MP: 7/7
   522 | D        | Noticed a kobold demonologist
   522 | D        | Reached * piety under the Shining One
   523 | D        | Noticed a kobold demonologist
   526 | D        | Killed a kobold demonologist
   526 | D        | Reached ** piety under the Shining One
   527 | D        | Reached skill level 15 in Axes
   527 | D        | Reached skill level 10 in Armour
   527 | D        | Reached XP level 8. HP: 81/82 MP: 8/8
   528 | D        | Killed a kobold demonologist
   529 | D        | Reached skill level 16 in Axes
   542 | D        | Noticed a centaur warrior
   542 | D        | Noticed a centaur warrior
   551 | D        | Killed a centaur warrior
   552 | D        | Reached skill level 17 in Axes
   552 | D        | Reached XP level 9. HP: 13/91 MP: 9/9
   552 | D        | Killed a centaur warrior
   553 | D        | Reached skill level 19 in Axes
   575 | D        | Noticed a deep troll
   582 | D        | The Shining One protects you from harm!
   583 | D        | Killed a deep troll
   611 | D        | Found Ecaari Lynn's Armour Emporium.
   635 | D        | Bought a +0 helmet for 63 gold pieces
   837 | D        | Noticed a hornet
   837 | D        | Reached *** piety under the Shining One
   846 | D        | Killed a hornet
   847 | D        | Reached skill level 20 in Axes
   979 | D        | Noticed an oklob plant
   993 | D        | Killed an oklob plant
   994 | D        | Reached XP level 10. HP: 85/103 MP: 10/10
  1071 | D        | Noticed an unseen horror
  1071 | D        | Noticed an unseen horror
  1078 | D        | Killed an unseen horror
  1084 | D        | Killed an unseen horror
  1085 | D        | Reached skill level 21 in Axes
  1108 | D        | Reached **** piety under the Shining One
  1138 | D        | Reached ***** piety under the Shining One
  1150 | D        | Reached ****** piety under the Shining One
  1154 | D        | Reached skill level 15 in Fighting
  1229 | D        | Found Reylix's Antique Weapon Boutique.
  1229 | D        | Found Ygoky's Magic Scroll Emporium.
  1229 | D        | Found Ryvoaxt's Book Emporium.
  1235 | D        | Found Xokac's Antique Armour Shoppe.
  1235 | D        | Found Pish's Weapon Shop.
  1235 | D        | Found Paugaf's Jewellery Boutique.
  1242 | D        | Found Juigost's Weapon Boutique.
  1242 | D        | Found Vaeruwaw's Antique Weapon Shoppe.
  1242 | D        | Found Pylewi's Magic Scroll Shop.
  1242 | D        | Found Deeti's Distillery.
  1242 | D        | Found Qaomuove's Distillery.
  1242 | D        | Found Bamynem's Armour Shoppe.
  1242 | D        | Found Dauzanutz's Distillery.
  1246 | D        | Found Asaupnuss's Armour Emporium.
  1259 | D        | Bought a +0 pair of gloves for 45 gold pieces
  1266 | D        | Bought a +0 cloak for 58 gold pieces
  1267 | D        | Bought the ring "Nenaxzem" {Fly rF+} for 346 gold pieces
  1283 | D        | Bought a glowing battleaxe for 199 gold pieces
  1283 | D        | Bought a glowing broad axe for 147 gold pieces
  1283 | D        | Bought a smouldering trident for 178 gold pieces
  1283 | D        | Identified the +1 trident of Yphuusus {flame, Dex+3} (You
                  | bought it in a shop in the Dungeon)
  1283 | D        | Bought a runed war axe for 136 gold pieces
  1320 | D        | Noticed Sonja
  1328 | D        | HP: 5/105 [asphyx]
  1329 | D        | The Shining One protects you from harm!
  1329 | D        | HP: 2/105 [constriction (2)]
  1329 | D        | Constricted to death by Sonja

Illustrated notes

Levels and vault maps discovered:
D:        dungeon_sprint_1 [red_sonja_temple_1, red_sonja_temple_small_1]

Skill      XL: |  1  2  3  4  5  6  7  8  9 10 |
---------------+-------------------------------+-----
Fighting       | 5 6 8 10 11 12 14 15 | 15.0
Axes           | 5 8 11 14 15 17 20 21 | 21.8
Armour         | 4 6 7 9 10 11 12 13 | 13.9
Shields        | |  3.2

Action                     |  1- 3 |  4- 6 |  7- 9 | 10-12 || total
---------------------------+-------+-------+-------+-------++-------
  Melee: War axe           |    20 |    34 |    38 |    53 ||   145
         Battleaxe         |       |       |       |     5 ||     5
  Evoke: Wand              |     1 |       |       |     1 ||     2
    Use: Potion            |     1 |       |     4 |     1 ||     6
         Scroll            |       |     1 |       |       ||     1
 Armour: Scale mail        |     9 |     2 |     5 |       ||    16
         Plate armour      |       |       |     1 |    34 ||    35
  Dodge: Dodged            |     3 |     7 |    14 |    22 ||    46
  Block: Buckler           |     3 |     4 |     5 |     9 ||    21
